 Dungeon Crawl Stone Soup version 0.14-a0-1076-gee4852e (webtiles) character file.

398 PolkaDot the Ruinous (level 5, -2/35 HPs)
             Began as a Vampire Conjurer on Nov 26, 2013.
             Slain by a hobgoblin
             ... wielding a +0,+0 club
              (3 damage)
             ... while paralysed by a potion of paralysis
             ... on Level 4 of the Dungeon.
             The game lasted 00:09:53 (2686 turns).

PolkaDot the Ruinous (Vampire Conjurer)             Turns: 2686, Time: 00:09:53

HP  -2/35        AC  6     Str  7      XL: 5   Next: 56%
MP   7/9         EV  2     Int 18      God:
Gold 188         SH  0     Dex 14      Spells:  2 memorised,  3 levels left

rFire  . . .     SeeInvis +     n - -1,+1 orc short sword (venom)
rCold  . . .     Clarity  .     a - +0 robe
rNeg   + . .     Conserve .     (no shield)
rPois  .         rCorr    .     (no helmet)
rElec  .         rRot     .     (no cloak)
SustAb . .       Spirit   .     j - +0 pair of gloves
rMut   .         Warding  .     e - +2 pair of boots
Saprov . . .     RndTele  +     (no amulet)
                                q - cursed ring of teleportation
                                m - ring of positive energy {unknown}

@: paralysed, regenerating quickly, mildly poisoned, slightly resistant to
hostile enchantments, stealthy
A: fangs 3, see invisible, unbreathing
a: Evoke Teleportation


You were on level 4 of the Dungeon.
You were full.

You visited 1 branch of the dungeon, and saw 4 of its levels.

You collected 188 gold pieces.

Inventory:

Hand weapons
 n - a -1,+1 orcish short sword of venom (weapon)
Armour
 a - a +0 robe (worn)
 e - a +2 pair of boots (worn)
 j - a +0 pair of gloves (worn)
Scrolls
 d - 2 scrolls of random uselessness {unknown}
 f - 2 scrolls of remove curse {unknown}
 h - 7 scrolls of identify {unknown}
 i - a scroll of recharging {unknown}
 l - a scroll of amnesia {unknown}
 o - 2 scrolls of magic mapping {unknown}
 p - a scroll of curse armour {unknown}
Jewellery
 m - a ring of positive energy (left hand) {unknown}
 q - a cursed ring of teleportation (right hand)
Potions
 g - a potion of resistance {unknown}
 k - a potion of curing {unknown}
Books
 c - a book of Conjurations

   Spells                             Type                      Level
   *Magic Dart                        Conjuration                  1
   *Searing Ray                       Conjuration                  2
   Dazzling Spray                     Conjuration/Hexes            3
   Iskenderun's Mystic Blast          Conjuration                  4
   Iskenderun's Battlesphere          Conjuration/Charms           4
   Fulminant Prism                    Conjuration/Hexes            5


   Skills:
 - Level 2.1 Dodging
 - Level 3.0 Stealth
 - Level 1.0 Spellcasting
 * Level 5.2 Conjurations


You had 3 spell levels left.
You knew the following spells:

 Your Spells              Type           Power        Failure   Level  Hunger
a - Magic Dart            Conj           ###.         2%          1    ##.....
s - Searing Ray           Conj           ###...       4%          2    ###....


Dungeon Overview and Level Annotations

Branches:
Dungeon (4/16)
 Temple: D:4-7

Altars:
Nemelex Xobeh
Okawaru
the Shining One


Innate Abilities, Weirdness & Mutations

Your natural rate of healing is unusually fast.
You have razor-sharp teeth.*
You have supernaturally acute eyesight.
You can survive without breathing.*


Message History

* * * LOW HITPOINT WARNING * * *
You feel sick.
Read which item? (? for menu, Esc to quit)
Okay, then.
Drink which item? (? for menu, Esc to quit)
You suddenly lose the ability to move!
It was a potion of paralysis.
The hobgoblin hits you with a club.
* * * LOW HITPOINT WARNING * * *
The jackal bites you but does no damage.
The jackal bites you.
* * * LOW HITPOINT WARNING * * *
The jackal bites you but does no damage.
The jackal barely misses you.
The hobgoblin hits you but does no damage.
The ooze hits you but does no damage. The jackal bites you.
* * * LOW HITPOINT WARNING * * *
The jackal bites you.
* * * LOW HITPOINT WARNING * * *
The hobgoblin hits you with a club.
You die...

...... ......
......
............
......
..............
.....
...............#
.....
................#
.....
................#
....
................#
...
.$.....rJ........#
..
........@g.......#
.
........hh.......#
...............>#
...............>#
...............>#
...............#
..............
............
......


You could see an ooze, 2 jackals, a hobgoblin and a rat.

Vanquished Creatures
  A worker ant (D:4)
  A scorpion (D:4)
  A giant mite (D:3)
  6 adders
  2 worms
  A giant eyeball (D:4)
  2 giant geckos
  4 oozes
  5 orcs
  3 giant cockroaches
  8 goblins
  7 hobgoblins
  7 jackals
  8 kobolds
  4 training dummies (D:3)
  4 bats
  A giant gecko skeleton (D:4)
  3 giant newts
  An orc skeleton (D:4)
  4 rats
73 creatures vanquished.

Notes
Turn   | Place    | Note
--------------------------------------------------------------
     0 | D:1      | PolkaDot, the Vampire Conjurer, began the quest for the Orb.
     0 | D:1      | Reached XP level 1. HP: 13/13 MP: 4/4
   543 | D:2      | Reached XP level 2. HP: 19/19 MP: 3/5
   559 | D:2      | Learned a level 2 spell: Searing Ray
   902 | D:2      | Reached XP level 3. HP: 24/24 MP: 2/6
  1177 | D:2      | Reached skill level 4 in Conjurations
  1542 | D:2      | Found a sparkling altar of Nemelex Xobeh.
  1599 | D:3      | Found a glowing golden altar of the Shining One.
  1691 | D:3      | Reached XP level 4. HP: 28/30 MP: 2/8
  2011 | D:3      | Found an iron altar of Okawaru.
  2556 | D:4      | Reached XP level 5. HP: 35/35 MP: 9/9
  2567 | D:4      | Reached skill level 5 in Conjurations
  2684 | D:4      | Paralysed by a potion of paralysis for 7 turns
  2685 | D:4      | HP: 1/35 [jackal (1)]
  2686 | D:4      | Slain by a hobgoblin

Action                   |  1- 3 |  4- 6 || total
-------------------------+-------+-------++-------
Melee: Unarmed           |    81 |    58 ||   139
       Short sword       |       |    60 ||    60
       Dagger            |       |    23 ||    23
 Cast: Magic Dart        |    35 |    20 ||    55
       Searing Ray       |    11 |     8 ||    19
  Use: Potion            |     1 |     1 ||     2
 Stab: Sleeping          |     1 |     1 ||     2
       Distracted        |       |     2 ||     2
